 Dungeon Crawl Stone Soup version 0.24.0-1-gfbc8707 (webtiles) character file.

Game seed: 13132577178900468771, levelgen mode: deterministic

12011 BoppinsLewinski the Cleaver (level 11, -2/101 HPs)
             Began as a Red Draconian Monk on Nov 3, 2019.
             Slain by a spiny frog (22 damage)
             ... on level 8 of the Dungeon.
             The game lasted 00:35:58 (9973 turns).

BoppinsLewinski the Cleaver (Red Draconian Monk)    Turns: 9973, Time: 00:35:58

Health: -2/101     AC:  9    Str: 17    XL:     11   Next: 56%
Magic:  18/18      EV: 16    Int: 11    God:
Gold:   550        SH:  0    Dex: 11    Spells: 10/10 levels left

rFire    + + .     SeeInvis .   f - +0 broad axe
rCold    . . .     Gourm    .   (no shield)
rNeg     + . .     Faith    .   (armour unavailable)
rPois    .         Spirit   .   (helmet restricted)
rElec    .         Reflect  .   t - +0 cloak (curse)
rCorr    .         Harm     .   v - +0 pair of gloves
MR       .....                  (no boots)
Stlth    ++........             e - amulet of the acrobat
HPRegen  0.26/turn              c - ring of protection from fire
MPRegen  0.16/turn              d - ring of positive energy

@: lethally poisoned (-2 -> -8), short of breath
A: breathe fire, unfitting armour, horns 1, blurry vision 1, clumsy 1, fire
resistance 1, cold-blooded, AC +7
a: Breathe Fire


You were on level 8 of the Dungeon.
You were not hungry.

You visited 3 branches of the dungeon, and saw 11 of its levels.
You also visited: Sewer and Bailey.

You collected 550 gold pieces.

Inventory:

Hand Weapons
 f - a +0 broad axe (weapon)
 m - a +1 war axe
 y - a +0 morningstar of freezing
Armour
 r - a +0 cloak
 t - a cursed +0 cloak (worn)
 v - a +0 pair of gloves (worn)
Jewellery
 c - a ring of protection from fire (left hand)
 d - a ring of positive energy (right hand)
 e - an amulet of the acrobat (around neck)
 i - an uncursed amulet of guardian spirit
 o - an uncursed ring of flight
 u - the ring "Hitoif" {*Contam rF- rC+ MR+++ Int+4}
   (You found it in a bailey)

   [ring of protection from cold]

   It affects your intelligence (+4).
   It makes you vulnerable to fire.
   It protects you from cold.
   It affects your resistance to hostile enchantments.
   It causes magical contamination when unequipped.
Wands
 n - a wand of digging (3)
 s - a wand of flame (16)
Scrolls
 g - 3 scrolls of enchant weapon
 h - 6 scrolls of teleportation
 j - 3 scrolls of blinking
 l - 5 scrolls of remove curse
 p - 4 scrolls of amnesia
 z - a scroll of magic mapping
Potions
 a - 6 potions of curing
 k - a potion of mutation
 q - a potion of magic
 w - a potion of lignification {unknown}
 x - a potion of heal wounds
Comestibles
 b - 16 rations


   Skills:
 + Level 10.5 Fighting
 * Level 12.1 Axes
 + Level 8.3 Dodging
 - Level 1.7 Stealth
 * Level 9.6 Evocations


You had 10 spell levels left.
You didn't know any spells.
Your spell library contained the following spells:

 Spells                   Type           Power        Failure   Level  Hunger
 Apportation              Tloc           #.....       34%         1    ##.....
 Corona                   Hex            #......      34%         1    ##.....
 Summon Butterflies       Summ           #.......     34%         1    ##.....
 Slow                     Hex            #.......     47%         2    ###....
 Inner Flame              Hex/Fire       #.......     71%         3    ####...
 Lesser Beckoning         Tloc           #.........   71%         3    ####...
 Portal Projectile        Hex/Tloc       #.....       71%         3    ####...
 Tukima's Dance           Hex            #.......     71%         3    ####...
 Cause Fear               Hex            #.........   98%         4    #####..
 Leda's Liquefaction      Hex/Erth       #.........   98%         4    #####..
 Alistair's Intoxication  Tmut/Pois      #.......     100%        5    ######.
 Invisibility             Hex            #.......     100%        6    #######


Dungeon Overview and Level Annotations

Branches:
Dungeon (9/15)             Temple (1/1) D:6            Lair (1/6) D:8
  Sewer (visited)          Bailey (visited)
    Orc: D:9-12

Altars:
Cheibriados
Elyvilon
Fedhas
Hepliaklqana
Kikubaaqudgha
Nemelex Xobeh
Qazlal
Trog
The Shining One

Shops:
D:8 =


Innate Abilities, Weirdness & Mutations

You can breathe blasts of fire.
Your fiery red scales are hard. (AC +7)
You cannot fit into any form of body armour.
Your flesh is heat resistant. (rF+)
You are cold-blooded and may be slowed by cold attacks.
You have a pair of small horns on your head.
Scrolls take you a little longer to read.
You are clumsy. (Dex -2)


Message History

The spiny frog is severely wounded.
You feel sick. The spiny frog stings you!!
* * * LOW HITPOINT WARNING * * *
Unknown command.
You hit the spiny frog. Your headbutt misses the spiny frog.
The spiny frog is severely wounded.
You feel sick. The spiny frog closely misses you.
Unknown command.
Press: ? - help, Shift-Dir - straight line, f - spiny frog
Aim: a spiny frog (severely wounded)
You breathe a blast of fire.
The fiery breath hits the spiny frog!
The spiny frog is almost dead.
The fiery breath hits the hippogriff!
The hippogriff is moderately wounded.
You feel somewhat more hungry.
You feel sick. The spiny frog closely misses you.
You hit the spiny frog but do no damage.
The spiny frog is almost dead.
You feel sick. The spiny frog closely misses you. The spiny frog stings you!!
You die...

##......(............#
.........p..........##
###....<...........##
#...........######
###?...(......####
............#...ยง#
####........#.##H#
###....((.....##F#
..(..(.(......##@#
###..........>##.# #
#(..........##.#
###........(.###.#
.((.(.......## #.#
#####.....<## #.# #
######## ###


You could see a hippogriff and a spiny frog.

Vanquished Creatures
  Harold (D:7)
  An orc knight (Bailey)
  Pikel (D:8)
  Maurice (D:8)
  Joseph (D:8)
  2 hippogriffs
  A spriggan (D:8)
  A wyvern (Lair:1)
  3 orc warriors
  4 sky beasts
  4 ogres
  2 centaurs
  A crocodile (D:8)
  3 bullfrogs
  3 scorpions
  4 killer bees (D:8)
  3 howler monkeys (D:8)
  4 crimson imps
  A centaur zombie (D:8)
  A quasit (D:7)
  4 bullfrog skeletons
  3 hounds
  A jelly (D:6)
  2 centaur skeletons (D:4)
  2 orc priests
  5 orc wizards
  2 iguanas (D:7)
  3 worker ants
  A gnoll (Bailey)
  8 adders
  A river rat (D:6)
  A shadow imp (D:7)
  2 oozes
  2 adder skeletons
  5 dart slugs
  5 worms
  6 leopard geckos
  36 orcs
  4 ball pythons
  8 giant cockroaches
  15 goblins
  8 hobgoblins
  10 jackals
  2 quokkas
  8 bats
  11 frilled lizards
  26 kobolds
  3 leopard gecko skeletons (D:4)
  A quokka skeleton (D:5)
  15 rats
242 creatures vanquished.

Vanquished Creatures (collateral kills)
  An orc (D:5)
1 creature vanquished.

Vanquished Creatures (others)
  A slave (D:8)
  A quokka (D:7)
  A fire vortex (D:5)
3 creatures vanquished.

Grand Total: 246 creatures vanquished

Notes
Turn   | Place    | Note
-------+----------+-------------------------------------------
     0 | D:1      | BoppinsLewinski the Draconian Monk began the quest for the
                  | Orb.
     0 | D:1      | Reached XP level 1. HP: 19/19 MP: 1/1
    68 | D:1      | Reached XP level 2. HP: 23/26 MP: 2/2
   659 | D:1      | Reached XP level 3. HP: 33/33 MP: 3/3
  1008 | D:2      | Reached skill level 4 in Axes
  1369 | D:2      | Reached XP level 4. HP: 40/40 MP: 4/4
  1662 | D:3      | Found a hazy altar of Hepliaklqana.
  1664 | D:3      | Found a snail-covered altar of Cheibriados.
  1664 | D:3      | Found a sparkling altar of Nemelex Xobeh.
  2470 | D:4      | Reached XP level 5. HP: 31/46 MP: 5/5
  2612 | D:4      | Noticed an ogre
  2630 | D:4      | Killed an ogre
  2630 | D:4      | Reached skill level 5 in Axes
  2785 | D:4      | Reached XP level 6. HP: 47/53 MP: 6/6
  3576 | D:4      | Reached skill level 5 in Fighting
  3752 | D:4      | Found the +5 demon whip "Spellbinder" {antimagic, MR+}
  3862 | D:5      | Entered Level 5 of the Dungeon
  3947 | D:5      | Reached skill level 6 in Axes
  4071 | D:5      | Your scales start taking on a fiery red colour.
  4071 | D:5      | Reached XP level 7. HP: 21/61 MP: 7/7
  4071 | D:5      | Gained mutation: Your flesh is heat resistant. (rF+) [Red
                  | Draconian growth]
  4281 | D:5      | Found a stormy altar of Qazlal.
  4870 | D:5      | Reached skill level 7 in Axes
  5144 | D:6      | Reached XP level 8. HP: 67/70 MP: 8/8
  5178 | D:6      | Reached skill level 5 in Dodging
  5308 | D:6      | Found a glowing drain.
  5313 | Sewer    | Entered a sewer
  6534 | D:6      | Found a staircase to the Ecumenical Temple.
  6559 | Temple   | Entered the Ecumenical Temple
  6751 | D:7      | Found a stormy altar of Qazlal.
  6812 | D:7      | Found a blossoming altar of Fedhas.
  6814 | D:7      | Found an ancient bone altar of Kikubaaqudgha.
  6877 | D:7      | Reached skill level 8 in Axes
  6877 | D:7      | Reached skill level 1 in Evocations
  6902 | D:7      | Found a white marble altar of Elyvilon.
  6999 | D:7      | Found a flagged portal.
  7014 | Bailey   | Entered a bailey
  7019 | Bailey   | Noticed an orc warlord
  7096 | Bailey   | Noticed an orc knight
  7098 | Bailey   | Gained mutation: You are clumsy. (Dex -2) [potion of
                  | mutation]
  7098 | Bailey   | Gained mutation: Scrolls take you a little longer to read.
                  | [potion of mutation]
  7098 | Bailey   | Gained mutation: You have a pair of small horns on your
                  | head. [potion of mutation]
  7107 | Bailey   | Killed an orc knight
  7107 | Bailey   | Reached XP level 9. HP: 10/79 MP: 9/11
  7221 | Bailey   | Found a runed translucent gate.
  7221 | Bailey   | Found a runed translucent gate.
  7241 | Bailey   | Found a runed translucent gate.
  7341 | Bailey   | Got a coiled golden ring
  7669 | D:7      | Reached skill level 10 in Axes
  7669 | D:7      | Reached XP level 10. HP: 90/90 MP: 11/15
  7670 | D:7      | Reached skill level 10 in Fighting
  7670 | D:7      | Reached skill level 11 in Axes
  7670 | D:7      | Reached XP level 11. HP: 100/100 MP: 11/17
  7941 | D:8      | Noticed Harold
  7953 | D:7      | Killed Harold
  8108 | D:8      | Found a staircase to the Lair.
  8140 | D:8      | Identified the ring "Hitoif" {*Contam rF- rC+ MR+++ Int+4}
                  | (You found it in a bailey)
  8496 | D:8      | Noticed Joseph
  8515 | D:8      | Killed Joseph
  8535 | D:8      | Noticed Maurice
  8665 | D:8      | Found a bloodstained altar of Trog.
  8824 | D:8      | Found Rauqeg's Jewellery Shoppe.
  8835 | D:8      | Noticed Pikel
  8860 | D:8      | Killed Pikel
  8860 | D:8      | Reached skill level 12 in Axes
  9089 | D:8      | Found Rauqeg's Jewellery Shoppe.
  9181 | D:8      | Killed Maurice
  9189 | D:8      | Found a staircase to the Lair.
  9320 | D:8      | Found a bloodstained altar of Trog.
  9931 | Lair:1   | Entered Level 1 of the Lair of Beasts
  9973 | D:8      | Slain by a spiny frog

Levels and vault maps discovered:
D:1:      minmay_arrival_jagged, layout_rooms, chequers_serial_rivers_micro_d
D:2:      layout_loops_ring
D:3:      layout_basic, grunt_temple_overflow_open
D:4:      layout_loops_cross
D:5:      layout_basic, first_ration, basic_altar, minmay_misc_feat_doors,
          grunt_decor_fettered
D:6:      layout_gridville, minmay_temple_entry_butterflies,
          lightli_sewer_entry_pipes
D:7:      layout_basic, lemuel_crystal_altar, kennysheep_mini, elyvilon_altar_4,
          grunt_qazlal_sundering, enter_bailey_3
D:8:      layout_rooms, lair_entry_dummy, serial_shops, nicolae_shop_crystal,
          the_bakery, trog_book, uniq_harold, uniq_maurice, uniq_joseph,
          uniq_pikel
D:9:      layout_small_grid, gammafunk_ghost_hydra_chop
Temple:   regret_index_temple_generic_petals
Lair:1:   layout_long_grid, serial_bayou_shore_b, uniq_urug

Skill      XL: |  1  2  3  4  5  6  7  8  9 10 11 |
---------------+----------------------------------+-----
Dodging        | 3 4 5 7 8 |  8.3
Axes           | 4 5 6 7 8 10 11 12 | 12.1
Fighting       | 4 5 6 7 8 10 | 10.5
Evocations     | 3 7 8 9 |  9.6
Stealth        | |  1.7

Action                   |  1- 3 |  4- 6 |  7- 9 | 10-12 || total
-------------------------+-------+-------+-------+-------++-------
Melee: Hand axe          |   149 |    65 |       |       ||   214
       Tailslap          |    12 |    26 |    36 |    20 ||    94
       War axe           |       |    92 |   308 |     9 ||   409
       Demon whip        |       |       |    15 |       ||    15
       Headbutt          |       |       |     4 |    30 ||    34
       Broad axe         |       |       |       |   170 ||   170
Throw: Throwing net      |       |       |       |     4 ||     4
 Abil: Breathe Fire      |       |       |     7 |     5 ||    12
Evoke: Wand              |       |       |    12 |     7 ||    19
       Phantom mirror    |       |       |       |     1 ||     1
  Use: Potion            |     1 |     2 |    10 |     4 ||    17
       Scroll            |       |     1 |     8 |     3 ||    12
 Stab: Sleeping          |     7 |     5 |     2 |     1 ||    15
       Distracted        |       |       |       |     1 ||     1
  Eat: Chunk             |     1 |     8 |     8 |     5 ||    22
       Ration            |       |       |     2 |     1 ||     3
Armor: Skin              |    32 |    26 |    99 |    51 ||   208
Dodge: Dodged            |    80 |   116 |   238 |   187 ||   621
